 Dungeon Crawl Stone Soup version 0.28-a0-1518-gbe868bca14 (webtiles) character file.

Game seed: 8227807606617944010

116 dolemite99 the Ducker (level 5, 0/47 HPs)
             Began as a Gnoll Monk on Jan 17, 2022.
             Was a Priest of Makhleb.
             Slain by an iguana (4 damage)
             ... on level 4 of the Dungeon.
             The game lasted 00:06:21 (3449 turns).

dolemite99 the Ducker (Gnoll Monk)                  Turns: 3449, Time: 00:06:22

Health: 0/47       AC: 15    Str: 12    XL:     5   Next: 0%
Magic:  6/6        EV:  7    Int:  9    God:    Makhleb [***...]
Gold:   78         SH:  0    Dex: 15    Spells: 6/6 levels left

rFire   . . .      SeeInvis .   h - +0 short sword (protect)
rCold   . . .      Faith    .   (no shield)
rNeg    . . .      Spirit   .   d - +0 chain mail
rPois   .          Reflect  .   (no helmet)
rElec   .          Harm     .   (no cloak)
rCorr   .          Rampage  .   (no gloves)
Will    .....                   (no boots)
Stlth   ..........              (no amulet)
HPRegen 0.15/turn               (no ring)
MPRegen 0.10/turn               (no ring)

@: under a protective aura
A: fangs 1, strong nose, distributed training
a: Renounce Religion, Minor Destruction, Lesser Servant of Makhleb


You were on level 4 of the Dungeon.
You worshipped Makhleb.
Makhleb was most pleased with you.
You visited 1 branch of the dungeon, and saw 4 of its levels.

You collected 127 gold pieces.
You spent 49 gold pieces at shops.

Inventory:

Hand Weapons
 a - a +0 short sword
 g - a +1 hand axe of freezing
 h - a +0 short sword of protection (weapon)
Missiles
 f - 54 stones (quivered)
Armour
 d - a +0 chain mail (worn)
Scrolls
 c - a scroll of blinking
 i - 3 scrolls of enchant armour
 k - a scroll of magic mapping
 l - 2 scrolls of holy word
Potions
 b - a potion of might


   Skills:
 + Level 6.6 Fighting
 + Level 6.6 Short Blades
 + Level 1.3 Long Blades
 + Level 1.3 Axes
 + Level 1.3 Maces & Flails
 + Level 1.3 Polearms
 + Level 1.3 Staves
 + Level 1.3 Slings
 + Level 1.3 Bows
 + Level 1.3 Crossbows
 + Level 1.3 Throwing
 + Level 1.3 Armour
 + Level 6.6 Dodging
 + Level 4.3 Stealth
 + Level 1.3 Shields
 + Level 1.3 Unarmed Combat
 + Level 1.3 Spellcasting
 + Level 1.0 Conjurations
 + Level 1.0 Hexes
 + Level 1.0 Summonings
 + Level 1.0 Necromancy
 + Level 1.0 Translocations
 + Level 1.0 Transmutations
 + Level 1.0 Fire Magic
 + Level 1.0 Ice Magic
 + Level 1.0 Air Magic
 + Level 1.0 Earth Magic
 + Level 1.0 Poison Magic
 + Level 1.4 Invocations
 + Level 1.3 Evocations


You had 6 spell levels left.
You didn't know any spells.
Your spell library was empty.

Dungeon Overview and Level Annotations

Branches:
Dungeon (4/15)
 Temple: D:4-7

Altars:
Makhleb
Nemelex Xobeh
Zin

Shops:
D:1 [*(


Innate Abilities, Weirdness & Mutations

You have very sharp teeth.
Your uncanny sense of smell can sniff out nearby items.
Your experience applies equally to all skills.


Message History

You hit the iguana.
The iguana is moderately wounded.
The iguana bites you.
You barely miss the iguana.
The iguana is moderately wounded.
You hit the iguana but do no damage.
The iguana is moderately wounded.
The iguana bites you.
You closely miss the iguana. Your bite misses the iguana.
The iguana is moderately wounded.
The iguana bites you.
You hit the iguana.
The iguana is moderately wounded.
The iguana bites you but does no damage.
You hit the iguana.
The iguana is severely wounded.
The iguana bites you!
* * * LOW HITPOINT WARNING * * *
You closely miss the iguana. Your bite misses the iguana.
The iguana is heavily wounded.
You hit the iguana but do no damage.
The iguana is heavily wounded.
The iguana bites you!
* * * LOW HITPOINT WARNING * * *
You hit the iguana but do no damage.
The iguana is heavily wounded.
The iguana bites you but does no damage.
You hit the iguana but do no damage.
The iguana is heavily wounded.
The iguana bites you but does no damage.
You hit the iguana but do no damage.
The iguana is heavily wounded.
You hit the iguana.
The iguana is severely wounded.
The iguana bites you.
* * * LOW HITPOINT WARNING * * *
You barely miss the iguana.
The iguana is severely wounded.
The iguana bites you.
You die...

.# .# ..## .#
#..#. #.# #...
#.. #...##..##
..#...#....#
...........+...
#.....@....#
##....l..#...P
##.....## ≈
##..(## ##+##


You could see an iguana.

Vanquished Creatures
  3 gnolls (D:2)
  An adder (D:2)
  2 worms
  2 dart slugs (D:1)
  An orc (D:3)
  11 ball pythons
  5 endoplasms
  4 giant cockroaches
  7 goblins
  3 hobgoblins (D:1)
  6 jackals (D:1)
  8 kobolds
  4 quokkas
  2 bats (D:1)
  A frilled lizard (D:2)
  3 rats (D:1)
63 creatures vanquished.

Vanquished Creatures (others)
  7 plants (D:2)
7 creatures vanquished.

Grand Total: 70 creatures vanquished

Notes
Turn   | Place    | Note
-------+----------+-------------------------------------------
     0 | D:1      | dolemite99 the Gnoll Monk began the quest for the Orb.
     0 | D:1      | Reached XP level 1. HP: 23/23 MP: 1/1
    86 | D:1      | Reached XP level 2. HP: 28/29 MP: 2/2
   435 | D:1      | Found Yqekay's Antique Weapon Shop.
   574 | D:1      | Reached XP level 3. HP: 35/35 MP: 3/3
   716 | D:1      | Found a faded altar of an unknown god.
   737 | D:1      | Prayed at the altar of an unknown god.
   737 | D:1      | Became a worshipper of Makhleb the Destroyer
   737 | D:1      | Reached * piety under Makhleb
   737 | D:1      | Reached ** piety under Makhleb
   811 | D:1      | Found Foeshot's General Store.
   883 | D:1      | Reached skill level 1 in Invocations
   893 | D:1      | Reached *** piety under Makhleb
  1012 | D:1      | Found Tonounn's Armour Shop.
  1638 | D:2      | Reached skill level 1 in Long Blades
  1638 | D:2      | Reached skill level 1 in Axes
  1638 | D:2      | Reached skill level 1 in Maces & Flails
  1638 | D:2      | Reached skill level 1 in Polearms
  1638 | D:2      | Reached skill level 1 in Staves
  1638 | D:2      | Reached skill level 1 in Slings
  1638 | D:2      | Reached skill level 1 in Bows
  1638 | D:2      | Reached skill level 1 in Crossbows
  1638 | D:2      | Reached skill level 1 in Throwing
  1638 | D:2      | Reached skill level 1 in Armour
  1638 | D:2      | Reached skill level 1 in Shields
  1638 | D:2      | Reached skill level 1 in Unarmed Combat
  1638 | D:2      | Reached skill level 1 in Spellcasting
  1638 | D:2      | Reached skill level 1 in Evocations
  1692 | D:2      | Reached XP level 4. HP: 30/41 MP: 5/5
  1702 | D:2      | HP: 2/41 [gnoll (1)]
  1750 | D:2      | Reached skill level 1 in Conjurations
  1750 | D:2      | Reached skill level 1 in Hexes
  1750 | D:2      | Reached skill level 1 in Summonings
  1750 | D:2      | Reached skill level 1 in Necromancy
  1750 | D:2      | Reached skill level 1 in Translocations
  1750 | D:2      | Reached skill level 1 in Transmutations
  1750 | D:2      | Reached skill level 1 in Fire Magic
  1750 | D:2      | Reached skill level 1 in Ice Magic
  1750 | D:2      | Reached skill level 1 in Air Magic
  1750 | D:2      | Reached skill level 1 in Earth Magic
  1750 | D:2      | Reached skill level 1 in Poison Magic
  2647 | D:3      | Found a glowing silver altar of Zin.
  2814 | D:3      | Found a burning altar of Makhleb.
  3024 | D:3      | Reached XP level 5. HP: 47/47 MP: 6/6
  3181 | D:1      | Bought a +0 chain mail for 49 gold pieces
  3405 | D:3      | Found a sparkling altar of Nemelex Xobeh.
  3449 | D:4      | Slain by an iguana

Illustrated notes

Levels and vault maps discovered:
D:1:      saegor_arrival_simple_c, layout_loops_corners,
          shapermc_ecumenical_altar_pompeii, serial_shops, shop_statue,
          nicolae_lakefront_shop, shop, minmay_misc_feat_chi, st_stairs_11,
          due_unseen_surprise
D:2:      layout_loops_cross, minmay_misc_feat_diagonals,
          mrwooster_statue_mirror, chequers_big_river
D:3:      layout_loops_ring, zin_scriptorium,
          mainiacjoe_overflow_surrounded_room, lightli_temple_of_fire,
          minmay_fountain_box, chequers_serial_rivers_large_a
D:4:      kennysheep_six_static_rooms, layout_loops_corners,
          mainiacjoe_overflow_chevrons, minmay_temple_entry_waves, serial_bayou,
          serial_bayou_pond_c, serial_bayou_pond_b, portal_sewer_entry_f,
          st_stairs_8, nicolae_grassy_gnolls

Skill      XL: |  1  2  3  4 |
---------------+-------------+-----
Invocations    | 1 |  1.4
Long Blades    | 1 |  1.3
Axes           | 1 |  1.3
Maces & Flails | 1 |  1.3
Polearms       | 1 |  1.3
Staves         | 1 |  1.3
Slings         | 1 |  1.3
Bows           | 1 |  1.3
Crossbows      | 1 |  1.3
Throwing       | 1 |  1.3
Armour         | 1 |  1.3
Shields        | 1 |  1.3
Unarmed Combat | 1 |  1.3
Spellcasting   | 1 |  1.3
Evocations     | 1 |  1.3
Conjurations   | 1 |  1.0
Hexes          | 1 |  1.0
Summonings     | 1 |  1.0
Necromancy     | 1 |  1.0
Translocations | 1 |  1.0
Transmutations | 1 |  1.0
Fire Magic     | 1 |  1.0
Ice Magic      | 1 |  1.0
Air Magic      | 1 |  1.0
Earth Magic    | 1 |  1.0
Poison Magic   | 1 |  1.0
Fighting       | |  6.6
Short Blades   | |  6.6
Dodging        | |  6.6
Stealth        | |  4.3

Action                   |  1- 3 |  4- 6 || total
-------------------------+-------+-------++-------
Melee: Short sword       |   116 |    94 ||   210
       Bite              |    10 |     5 ||    15
       Punch             |     1 |     3 ||     4
Throw: Stone             |    12 |     7 ||    19
  Use: Scroll            |     4 |     3 ||     7
       Potion            |     1 |       ||     1
 Stab: Sleeping          |     6 |       ||     6
Armor: Robe              |    10 |       ||    10
       Scale mail        |    31 |    33 ||    64
       Chain mail        |       |     7 ||     7
Dodge: Dodged            |    96 |    38 ||   134

Table legend: (Time is in decaauts)
 A = Elapsed time spent in this place.
 B = Non-inter-level travel time spent in this place.
 C = Inter-level travel time spent in this place.
 D = Time resting spent in this place.
 E = Time spent auto-exploring this place.
 F = Levels seen in this place.
 G = Mean time per level.
                   A        B        C        D        E       F      G
               +--------+--------+--------+--------+--------+-----+--------+
         Total |   3422 |   3113 |    309 |    715 |   1632 |   4 |  855.5 |
       Dungeon |   3422 |   3113 |    309 |    715 |   1632 |   4 |  855.5 |
               +--------+--------+--------+--------+--------+-----+--------+

Top non-repeatable levels by time:
     D:1: 1470 daAuts
     D:2: 1415 daAuts
     D:3: 472 daAuts
     D:4: 64 daAuts
